 Dungeon Crawl Stone Soup version 0.29.1-15-g9cfb28693d (webtiles) character file.

Game seed: 17169671857507315344

5 Mickster the Chiller (level 1, -2/10 HPs)
             Began as a Gargoyle Ice Elementalist on Mar 31, 2023.
             Slain by a jackal (3 damage)
             ... on level 1 of the Dungeon.
             The game lasted 00:02:13 (120 turns).

Mickster the Chiller (Gargoyle Ice Elementalist)     Turns: 120, Time: 00:02:13

Health: -2/10      AC:  4    Str: 11    XL:     1   Next: 80%
Magic:  0/3        EV: 11    Int: 15    God:
Gold:   0          SH:  0    Dex: 10    Spells: 3/4 levels left

rFire   . . .      SeeInvis .   d - +0 short sword
rCold   . . .      Faith    .   (no shield)
rNeg    + . .      Spirit   .   a - +0 robe
rPois   ∞          Reflect  .   (no helmet)
rElec   +          Harm     .   (no cloak)
rCorr   .          Rampage  .   (no gloves)
Will    .....                   (no boots)
Stlth   ++........              (no amulet)
HPRegen 0.03/turn               (no ring)
MPRegen 0.08/turn               (no ring)

@: no status effects
A: sickness immunity, AC +2, negative energy resistance 1, electricity
resistance, torment resistance 1, petrification resistance
a: no special abilities


You were on level 1 of the Dungeon.
You visited 1 branch of the dungeon, and saw 1 of its levels.

Inventory:

Hand Weapons
 d - a +0 short sword (weapon)
Armour
 a - a +0 robe (worn)
Potions
 b - a potion of magic
 c - a potion of resistance {unknown}


   Skills:
 * Level 0.1 Short Blades
 + Level 1.5 Dodging
 + Level 2.3 Stealth
 + Level 2.0 Spellcasting
 + Level 4.2 Ice Magic


You had 3 spell levels left.
You knew the following spells:

 Your Spells              Type           Power      Damage    Failure   Level
a - Freeze                Ice            56%        1d7       4%          1

Your spell library contained the following spells:

 Spells                   Type           Power      Damage    Failure   Level
 Frozen Ramparts          Ice            28%        1d5       12%         3
 Ozocubu's Armour         Ice            14%        N/A       12%         3
 Hailstorm                Conj/Ice       7%         3d4       67%         4


Dungeon Overview and Level Annotations

Branches:
Dungeon (1/15)

Altars:


Innate Abilities, Weirdness & Mutations

You are immune to sickness and miasma.
Your stone body is resilient. (AC +2)
You are immune to poison.
You resist negative energy. (rN+)
You are resistant to electric shocks. (rElec)
You are resistant to unholy torment.
You are immune to petrification.


Message History

You freeze the jackal.
The jackal is moderately wounded.
The jackal barks!
Casting: Freeze (safe; 4% risk of failure)
Confirm with . or Enter, or press ? or * to list all spells.
Aiming: Freeze (safe; 4% risk of failure)
Press: ? - help, Shift-Dir - straight line, f/p - jackal
Aim: a jackal (moderately wounded)
You freeze the jackal.
The jackal is almost dead.
The jackal bites you. The jackal barely misses you.
The jackal bites you but does no damage.
Casting: Freeze (safe; 4% risk of failure)
Confirm with . or Enter, or press ? or * to list all spells.
Aiming: Freeze (safe; 4% risk of failure)
Press: ? - help, Shift-Dir - straight line, f/p - jackal
Aim: a jackal (almost dead)
You freeze the jackal!
You kill the jackal!
The jackal bites you but does no damage. x2
Casting: Freeze (safe; 4% risk of failure)
Confirm with . or Enter, or press ? or * to list all spells.
You don't have enough magic to cast this spell.
Unknown command.
You barely miss the jackal. The jackal closely misses you. x2
You barely miss the jackal.
The jackal bites you but does no damage.
The jackal barely misses you. x3
You barely miss the jackal. The jackal bites you. The jackal barely misses you.
The jackal completely misses you.
You miss the jackal. The jackal closely misses you.
The jackal barely misses you. The jackal closely misses you.
You closely miss the jackal.
The jackal bites you but does no damage.
The jackal barely misses you. The jackal misses you.
The jackal closely misses you.
You closely miss the jackal. The jackal bites you.
* * * LOW HITPOINT WARNING * * *
The jackal bites you.
You die...

##
..###########...
#........h......
##.@h......
##......♣♣♣♣
##.....♣♣♣ .
###....♣♣♣ ..##
###....♣♣♣ ♣♣♣
....####.†.♣♣♣♣
♣♣♣P♣♣♣
#....†.♣.♣
♣♣♣♣♣.....♣♣♣
###.....♣.♣
♣♣♣♣....♣♣♣♣♣..♣♣
###....♣♣♣.♣
♣♣...♣♣♣♣♣ ♣♣♣..


You could see 2 jackals.

Vanquished Creatures
  A dart slug (D:1)
  A jackal (D:1)
  2 bats (D:1)
4 creatures vanquished.

Notes
Turn   | Place    | Note
-------+----------+-------------------------------------------
     0 | D:1      | Mickster the Gargoyle Ice Elementalist began the quest for
                  | the Orb.
     0 | D:1      | Reached XP level 1. HP: 10/10 MP: 3/3
   120 | D:1      | Slain by a jackal

Illustrated notes

Levels and vault maps discovered:
D:1:      kilobyte_arrival_exit_the_forest, layout_rooms,
          dreamdust_ecumenical_altar_angels_and_demons, minmay_lizard_king

Action                   || total
-------------------------++-------
Melee: Short sword       ||    12
 Cast: Freeze            ||     6
Armor: Robe              ||    11
Dodge: Dodged            ||    30
